 Dungeon Crawl Stone Soup version 0.18.1-50-g88ac8fd (webtiles) character file.

23 Chiseanne the Skirmisher (level 2, -1/26 HPs)
             Began as a Centaur Abyssal Knight on Oct 27, 2016.
             Was a Follower of Lugonu.
             Slain by a rat (2 damage)
             ... on level 2 of the Dungeon.
             The game lasted 00:03:50 (964 turns).

Chiseanne the Skirmisher (Centaur Abyssal Knight)    Turns: 964, Time: 00:03:51

Health: -1/26      AC:  6    Str: 14    XL:     2   Next: 75%
Magic:  3/3        EV:  7    Int: 11    God:    Lugonu [*.....]
Gold:   62         SH:  0    Dex: 10    Spells: 0 memorised, 1 level left

rFire  . . .     SeeInvis .     a - +1 hand axe
rCold  . . .     Gourm    .     n - +0 scale mail
rNeg   . . .     Faith    .     (no shield)
rPois  .         Spirit   .     (no helmet)
rElec  .         Dismiss  .     (no cloak)
rCorr  .         Reflect  .     (no gloves)
SustAt .         Harm     .     (no barding)
MR     .....                    (no amulet)
Stlth  ..........               (no ring)
                                r - +2 ring of dexterity

@: very quick, not resistant to hostile enchantments, extremely unstealthy
A: hooves 3, deformed body, speed 2, tough skin 3
a: Depart the Abyss, Renounce Religion


You were on level 2 of the Dungeon.
You worshipped Lugonu.
Lugonu was aware of your devotion.
You were not hungry.

You visited 1 branch of the dungeon, and saw 2 of its levels.
You visited the Abyss 1 time.

You collected 62 gold pieces.

Inventory:

Hand Weapons
 a - a +1 hand axe (weapon)
Missiles
 g - 35 arrows
 i - 23 stones (quivered)
 l - 5 poisoned needles
 p - 17 sling bullets
Armour
 n - a +0 scale mail (worn)
Jewellery
 r - a +2 ring of dexterity (left hand)
Potions
 f - a potion of flight
 j - a potion of agility
 k - 2 potions of brilliance
Comestibles
 b - a chunk of flesh
 c - a bread ration
 d - a royal jelly
 h - 4 fruits


   Skills:
 * Level 3.3 Fighting
 - Level 1.7 Axes
 * Level 1.5 Armour
 * Level 1.3 Dodging
 - Level 0.4 Spellcasting
 * Level 2.0 Invocations


You had one spell level left.
You didn't know any spells.

Dungeon Overview and Level Annotations

Branches:
Dungeon (2/15)

Altars:


Innate Abilities, Weirdness & Mutations

You have hooves in place of feet.
Armour fits poorly on your strangely shaped body.
You cover ground very quickly.
You have extremely tough skin (AC +3).


Message History

* * * LOW HITPOINT WARNING * * *
The hobgoblin closely misses you.
You closely miss the giant gecko. Your kick misses the giant gecko.
The giant gecko is almost dead.
You hit the hobgoblin.
The hobgoblin is almost dead.
The giant gecko bites you but does no damage.
The hobgoblin hits you.
* * * LOW HITPOINT WARNING * * *
The giant gecko hisses menacingly.
The giant gecko bites you but does no damage.
You closely miss the giant gecko.
The giant gecko is almost dead.
You hit the hobgoblin.
You kill the hobgoblin!
Lugonu accepts your kill. The giant gecko bites you.
* * * LOW HITPOINT WARNING * * *
The rat bites you.
You die...

.. .... .# .# .#.
#.##.# .. ## ###......
.# #. ..#.#.#.# .# #
#####.###.......# .#
#.# ............#.#.#
.#
r.#########l.........#
.####
g.......r@##.######
....###############.#
.##.................#
.####################
..#............. ...>#
###########
##..##..........
..รท....#########.
......#..# .


You could see a giant gecko and a rat.

Vanquished Creatures
  A dart slug (D:1)
  A giant cockroach (D:1)
  2 goblins
  3 hobgoblins
  4 bats (D:1)
  2 giant newts
  5 kobolds
  5 rats
23 creatures vanquished.

Notes
Turn   | Place    | Note
--------------------------------------------------------------
     0 | Abyss:1  | Chiseanne the Centaur Abyssal Knight began the quest for the Orb.
     0 | Abyss:1  | Reached XP level 1. HP: 19/19 MP: 2/2
    71 | Abyss:1  | Noticed a small abomination
   100 | Abyss:1  | Noticed a large abomination
   101 | Abyss:1  | Noticed a shadow
   128 | Abyss:1  | Noticed an ice beast
   150 | Abyss:1  | Noticed a manticore zombie
   178 | Abyss:1  | Noticed a shadow
   190 | Abyss:1  | Noticed a chaos spawn
   193 | Abyss:1  | Noticed an insubstantial wisp
   195 | Abyss:1  | Noticed a tentacled starspawn
   196 | D:1      | Escaped the Abyss
   349 | D:1      | Reached skill level 1 in Dodging
   377 | D:1      | Reached * piety under Lugonu
   379 | D:1      | Reached XP level 2. HP: 26/26 MP: 3/3
   964 | D:2      | HP: 1/26 [giant gecko (1)]
   964 | D:2      | Slain by a rat

Skill      XL: |  1 |
---------------+----+-----
Dodging        | 1 |  1.3
Fighting       | |  3.3
Axes           | |  1.7
Armour         | |  1.5
Spellcasting   | |  0.4
Invocations    | |  2.0

Action                   || total
-------------------------++-------
Melee: Hand axe          ||    51
       Kick              ||     7
Invok: Depart the Abyss  ||     1
  Use: Scroll            ||    11
Armor: Leather armour    ||    19
       Scale mail        ||    30
Dodge: Dodged            ||    26
